 Dungeon Crawl Stone Soup version 0.24-a0-249-g2af7e83 (webtiles) character file.

Game seed: 15967688292259603648

456 Lanoc the Skirmisher (level 6, -8/60 HPs)
             Began as a Draconian Wanderer on Apr 13, 2019.
             Was a Believer of Uskayaw.
             Mangled by Duvessa
             ... wielding a +0 short sword
              (10 damage)
             ... on level 3 of the Dungeon.
             The game lasted 00:06:16 (3890 turns).

Lanoc the Skirmisher (Draconian Wanderer)           Turns: 3890, Time: 00:06:18

Health: -8/60      AC:  6    Str: 13    XL:     6   Next: 77%
Magic:  16/17      EV: 13    Int: 14    God:    Uskayaw [**....]
Gold:   181        SH:  0    Dex: 12    Spells: 5/5 levels left

rFire    . . .     SeeInvis .   a - +0 hand axe
rCold    . . .     Gourm    .   (no shield)
rNeg     . . .     Faith    .   (armour unavailable)
rPois    .         Spirit   .   j - +0 hat
rElec    .         Reflect  .   (no cloak)
rCorr    .         Harm     .   (no gloves)
MR       .....                  (no boots)
Stlth    ++........             k - amulet of rage
HPRegen  0.20/turn              m - ring of magical power
MPRegen  0.15/turn              (no ring)

@: no status effects
A: unfitting armour, cold-blooded, AC +6
a: Stomp, Line Pass, Renounce Religion, Evoke Berserk Rage


You were on level 3 of the Dungeon.
You worshipped Uskayaw.
Uskayaw was noncommittal.
You were hungry.

You visited 1 branch of the dungeon, and saw 4 of its levels.

You collected 181 gold pieces.

Inventory:

Hand Weapons
 a - a +0 hand axe (weapon)
Armour
 j - a +0 hat (worn)
Jewellery
 k - an amulet of rage (around neck)
 m - a ring of magical power (left hand)
Wands
 b - a wand of paralysis (9)
 g - a wand of digging (5)
 i - a wand of acid (5)
Scrolls
 c - 5 scrolls of teleportation
 l - a scroll of fog {unknown}
 o - a scroll of amnesia
Comestibles
 d - 6 rations


   Skills:
 + Level 7.5 Fighting
 * Level 4.4(4.5) Axes
   Level 1.0(2.9) Maces & Flails
 + Level 2.6 Dodging
 - Level 1.0 Stealth
 + Level 2.7 Invocations
 - Level 2.0 Evocations


You had 5 spell levels left.
You didn't know any spells.
Your spell library was empty.

Dungeon Overview and Level Annotations

Branches:
Dungeon (4/15)
 Temple: D:4-7

Altars:
Cheibriados
Dithmenos
Elyvilon
Makhleb
Nemelex Xobeh
Sif Muna
Uskayaw
Vehumet
Wu Jian
Xom
Zin

Annotations:
D:3 Duvessa


Innate Abilities, Weirdness & Mutations

Your plain brown scales are hard. (AC +6)
You cannot fit into any form of body armour.
You are cold-blooded and may be slowed by cold attacks.


Message History

Duvessa goes berserk!
Duvessa hits you with a +0 short sword!
* * * LOW HITPOINT WARNING * * *
You can now pass through a line of other dancers.
Evoke which item? (* to show all) (? for menu, Esc to quit)
Aiming: Paralyse
Press: ? - help, Shift-Dir - straight line, f/p - Duvessa
Aim: Duvessa, wielding a +0 short sword and wearing a +0 leather armour (severely wounded, berserk, fast, unusually strong, chance to defeat MR: 34%)
Okay, then.
Unknown command.
Evoke which item? (* to show all) (? for menu, Esc to quit)
Aiming: Corrosive Bolt
Press: ? - help, Shift-Dir - straight line, f/p - Duvessa
Aim: Duvessa, wielding a +0 short sword and wearing a +0 leather armour (severely wounded, berserk, fast, unusually strong)
The bolt of acid hits Duvessa!
Duvessa is splashed with acid.
The acid corrodes Duvessa!
Duvessa is almost dead.
Duvessa hits you with a +0 short sword!
* * * LOW HITPOINT WARNING * * *
Duvessa hits you with a +0 short sword!
You die...

#.# #.#.##.# #.# #.#.##.# #.#
#.#.##.# #.# #.#.##.#
###.#######.#.##.#####
#.....................
#.#.#######.#.##.....#
###########.#.#######.#.##.....#
#............)e@[.....#.##.#####
#.#########..##########.##.# #.#
#####[............##.##### #.#
#....>.................... #.#
###........################# #.#
#.'........'............=... #.#
#.#........################# #.#
#.#..........######## #.#
#.#.................#


You could see Duvessa (berserk).

Vanquished Creatures
  Sigmund (D:3)
  An ogre (D:4)
  Dowan (D:3)
  Ijyb (D:3)
  Terence (D:3)
  5 adders
  An ooze (D:3)
  2 worms
  A dart slug (D:3)
  A leopard gecko (D:3)
  2 ball pythons (D:1)
  2 giant cockroaches (D:1)
  5 goblins
  8 hobgoblins
  4 kobolds
  8 bats
  5 frilled lizards
  8 rats
57 creatures vanquished.

Notes
Turn   | Place    | Note
-------+----------+-------------------------------------------
     0 | D:1      | Lanoc the Draconian Wanderer began the quest for the Orb.
     0 | D:1      | Lanoc set off with the following items: a +0 hand axe, a
                  | wand of paralysis (15), a scroll of teleportation, a ration
     0 | D:1      | Reached XP level 1. HP: 25/25 MP: 2/2
   207 | D:1      | Reached skill level 1 in Axes
   208 | D:1      | Reached XP level 2. HP: 19/31 MP: 3/3
   868 | D:2      | Found a hide-covered altar of Uskayaw.
   870 | D:2      | Found a snail-covered altar of Cheibriados.
   874 | D:2      | Found a white marble altar of Elyvilon.
   876 | D:2      | Found a burning altar of Makhleb.
   889 | D:2      | Became a worshipper of Uskayaw the Reveler
   905 | D:2      | Reached * piety under Uskayaw
   914 | D:2      | Reached skill level 1 in Dodging
   914 | D:2      | Reached XP level 3. HP: 22/38 MP: 4/4
  1274 | D:2      | Reached ** piety under Uskayaw
  1406 | D:2      | Found a shadowy altar of Dithmenos.
  1874 | D:2      | Reached XP level 4. HP: 9/45 MP: 5/5
  2689 | D:3      | Noticed Terence
  2691 | D:3      | Noticed Sigmund
  2720 | D:3      | Reached *** piety under Uskayaw
  2723 | D:3      | Reached **** piety under Uskayaw
  2724 | D:3      | Killed Sigmund
  2724 | D:3      | Reached skill level 7 in Fighting
  2724 | D:3      | Reached XP level 5. HP: 39/52 MP: 6/6
  2725 | D:3      | Killed Terence
  2725 | D:3      | Reached XP level 6. HP: 46/60 MP: 7/7
  3189 | D:3      | Found a radiant altar of Vehumet.
  3191 | D:3      | Found a sparkling altar of Nemelex Xobeh.
  3193 | D:3      | Found a glowing silver altar of Zin.
  3194 | D:3      | Found an ornate altar of the Wu Jian Council.
  3194 | D:3      | Found a deep blue altar of Sif Muna.
  3194 | D:3      | Found a shimmering altar of Xom.
  3195 | D:3      | Noticed Ijyb
  3217 | D:3      | Killed Ijyb
  3494 | D:4      | Noticed Dowan
  3772 | D:4      | Noticed Duvessa
  3889 | D:3      | Killed Dowan
  3890 | D:3      | HP: 2/60 [Duvessa/+0 short sword (16)]
  3890 | D:3      | Mangled by Duvessa

Levels and vault maps discovered:
D:1:      tarquinn_simple_flora_water_a, layout_basic
D:2:      layout_loops_corners, nicolae_dithmenos_shadow_blocks, minitemple
D:3:      layout_basic, grunt_temple_overflow_open, uniq_ijyb, uniq_terence,
          uniq_sigmund
D:4:      layout_loops_ring, minmay_temple_entry_proselytizer, serial_shops,
          nicolae_shop_behind_doors, uniq_duvessa

Skill      XL: |  1  2  3  4  5  6 |
---------------+-------------------+-----
Axes           | 1 2 3 4 |  4.4
Dodging        | 1 2 |  2.6
Fighting       | 7 |  7.5
Invocations    | 2 |  2.7
Maces & Flails | |  1.0
Stealth        | |  1.0
Evocations     | |  2.0

Action                   |  1- 3 |  4- 6 || total
-------------------------+-------+-------++-------
Melee: Hand axe          |   126 |   113 ||   239
       Tailslap          |     9 |    21 ||    30
Evoke: Wand              |       |     8 ||     8
  Use: Potion            |       |     4 ||     4
       Scroll            |       |     2 ||     2
 Stab: Sleeping          |     2 |       ||     2
       Distracted        |     1 |       ||     1
       Paralysed         |       |    31 ||    31
  Eat: Chunk             |     2 |     7 ||     9
Armor: Skin              |    55 |    25 ||    80
Dodge: Dodged            |    82 |    62 ||   144

Table legend:
 A = Non-vault XP
 B = Vault XP
 C = Vault XP percentage of total XP
 D = Non-vault monster count
 E = Vault monster count
 F = Vault count percentage of total count
                 A         B        C        D         E       F
            +---------+---------+-------+---------+---------+-------
      Total |     280 |     372 |  57.1 |      53 |       4 |   7.0
            +---------+---------+-------+---------+---------+-------
        D:1 |      29 |       0 |   0.0 |      18 |       0 |   0.0
        D:2 |      71 |       0 |   0.0 |      14 |       0 |   0.0
        D:3 |      54 |     372 |  87.3 |      19 |       4 |  17.4
        D:4 |     126 |       0 |   0.0 |       2 |       0 |   0.0
            +---------+---------+-------+---------+---------+-------
